[Event "Titled Tuesday Blitz November 08 Late 2022"]
[White "Kovacevic, Radmila"]
[Black "Tokhirjonova, Gulrukhbegim"]
[WhiteFideId "933171"]
[BlackFideId "14203626"]
[WhiteElo "2208"]
[BlackElo "2236"]
[Result "0-1"]
[Round "01"]
[TimeControl "180+1"]
[Date "2022.11.09"]
[WhiteClock "0:00:53"]
[BlackClock "0:01:43"]

1. e4 e5 2. Qh5 Nc6 3. Bc4 g6 4. Qf3 Qf6 5. c3 Bg7 6. Qd1 d6 7. h3 Nge7 8. Nf3 h6 9. Qb3 O-O 10. Qa3 a6 11. d3 Kh7 12. Be3 Rd8 13. Nbd2 d5 14. Bb3 d4 15. cxd4 exd4 16. Bg5 hxg5 17. h4 gxh4 18. Rxh4+ Kg8 19. O-O-O Ne5 20. Nxe5 Qxe5 21. f4 Qd6 22. Qxd6 Rxd6 23. Nc4 Rd8 24. g4 b5 25. Na5 c5 26. Rdh1 Be6 27. f5 Bxb3 28. Nxb3 c4 29. Nd2 cxd3 30. Nf3 Rac8+ 31. Kd2 Rc2+ 32. Kxd3 Rf2 33. R1h3 Nc6 34. a3 Rxf3+ 35. Rxf3 Ne5+ 36. Ke2 d3+ 37. Ke3 Nxf3 38. Kxf3 d2 39. Rh1 d1=Q+ 40. Rxd1 Rxd1 0-1


[Site "https://www.chess.com"]

[Event "Titled Tuesday Blitz November 08 Late 2022"]
[White "Koziorowicz, Michal"]
[Black "Korkmaz, Necmettin"]
[WhiteFideId "21809194"]
[BlackFideId "6303285"]
[WhiteElo "2174"]
[BlackElo "2094"]
[Result "0-1"]
[Round "01"]
[TimeControl "180+1"]
[Date "2022.11.09"]
[WhiteClock "0:00:57"]
[BlackClock "0:00:17"]

1. e4 e5 2. Nf3 Nc6 3. Nc3 Nf6 4. Nxe5 Nxe5 5. d4 Ng6 6. e5 Ng8 7. f4 d5 8. Bd3 Nh6 9. O-O Nf5 10. Bxf5 Bxf5 11. g4 Be4 12. f5 Nh4 13. Qe2 h5 14. Nxe4 dxe4 15. Be3 hxg4 16. Qb5+ c6 17. Qxb7 Rc8 18. e6 Be7 19. f6 gxf6 20. Qb3 Nf3+ 21. Rxf3 gxf3 22. exf7+ Kf8 23. Bf4 Qxd4+ 24. Kh1 e3 25. Rg1 Qd5 26. c4 Qe4 27. Qxe3 Qxe3 28. Bxe3 Kxf7 29. Rg3 Bd6 30. Rxf3 Rxh2+ 31. Kg1 Rg8+ 32. Kf1 Be5 33. b4 Rxa2 34. b5 Rh8 35. Bf2 cxb5 36. cxb5 Rh1+ 37. Kg2 Rh2+ 38. Kg1 Rhxf2 39. Rh3 Rfb2 0-1


[Site "https://www.chess.com"]

[Event "Titled Tuesday Blitz November 08 Late 2022"]
[White "Krallis, Christos"]
[Black "Capp, Stephen"]
[WhiteFideId "4298896"]
[BlackFideId "2027089"]
[WhiteElo "2243"]
[BlackElo "2150"]
[Result "0-1"]
[Round "01"]
[TimeControl "180+1"]
[Date "2022.11.09"]
[WhiteClock "0:01:39"]
[BlackClock "0:02:27"]

1. d4 Nf6 2. c4 e6 3. Nf3 Bb4+ 4. Nbd2 b6 5. g3 Bb7 6. Bg2 O-O 7. O-O Bxd2 8. Qxd2 Ne4 9. Qf4 f5 10. b3 d6 11. h4 Nd7 12. Bb2 Ndf6 13. Ng5 Qe7 14. Nxe4 Bxe4 15. f3 Bb7 16. Qg5 h6 17. Qg6 Bc6 18. g4 Be8 0-1


[Site "https://www.chess.com"]

[Event "Titled Tuesday Blitz November 08 Late 2022"]
[White "Kumala, Aleksander"]
[Black "Joubert, Dantelle"]
[WhiteFideId "1141880"]
[BlackFideId "14310813"]
[WhiteElo "2269"]
[BlackElo "1507"]
[Result "1-0"]
[Round "01"]
[TimeControl "180+1"]
[Date "2022.11.09"]
[WhiteClock "0:01:25"]
[BlackClock "0:00:12"]

1. d4 d5 2. Bg5 c6 3. e3 h6 4. Bh4 Qb6 5. Nd2 Qxb2 6. Bd3 e6 7. Ngf3 Qb6 8. O-O Qc7 9. c4 Be7 10. Bg3 Bd6 11. Ne5 Qd8 12. Qh5 Bxe5 13. Bxe5 Nf6 14. Qh4 Nbd7 15. Bd6 dxc4 16. Nxc4 Nb6 17. Ba3 Nxc4 18. Bxc4 b6 19. Qg3 g5 20. Rfd1 Bb7 21. Rac1 Qb8 22. Bd6 Qd8 23. Bc7 Rg8 24. Bxd8 1-0


[Site "https://www.chess.com"]

[Event "Titled Tuesday Blitz November 08 Late 2022"]
[White "Ladan, Nicholas"]
[Black "Pap, Gyula"]
[WhiteFideId "30918855"]
[BlackFideId "725323"]
[WhiteElo "2167"]
[BlackElo "2519"]
[Result "0-1"]
[Round "01"]
[TimeControl "180+1"]
[Date "2022.11.08"]
[WhiteClock "0:00:01"]
[BlackClock "0:01:28"]

1. d4 e6 2. c4 Bb4+ 3. Bd2 Bxd2+ 4. Nxd2 Nf6 5. g3 d5 6. Bg2 O-O 7. Ngf3 c6 8. O-O b6 9. Qc2 Bb7 10. e4 Nbd7 11. e5 Ne8 12. cxd5 cxd5 13. h4 h6 14. Rfc1 a5 15. Bf1 Ba6 16. Bxa6 Rxa6 17. a4 Ra7 18. Ra3 Nb8 19. Rc3 Na6 20. Rc8 Qd7 21. Qc6 Qxc6 22. R1xc6 Rb7 23. Nb1 Nec7 24. Rxf8+ Kxf8 25. Nc3 Nb4 26. Rd6 Ke7 27. Nb5 Ne8 28. g4 f6 29. g5 Nxd6 30. Nxd6 Rc7 31. Nb5 Rc1+ 32. Kg2 hxg5 33. exf6+ gxf6 34. h5 Nd3 35. h6 Kf7 36. Nd6+ Kg6 37. Ne8 g4 0-1


[Site "https://www.chess.com"]

[Event "Titled Tuesday Blitz November 08 Late 2022"]
[White "Leitao, Rafael"]
[Black "Bochnicka, Vladimir"]
[WhiteFideId "2101246"]
[BlackFideId "14943450"]
[WhiteElo "2609"]
[BlackElo "2239"]
[Result "1/2-1/2"]
[Round "01"]
[TimeControl "180+1"]
[Date "2022.11.09"]
[WhiteClock "0:00:13"]
[BlackClock "0:00:18"]

1. c4 e5 2. Nc3 Bb4 3. Nd5 Be7 4. d4 exd4 5. Qxd4 Nf6 6. Nxe7 Qxe7 7. Bg5 Nc6 8. Bxf6 gxf6 9. Qc3 d6 10. Nf3 Be6 11. e3 Rg8 12. O-O-O O-O-O 13. Nd4 Nxd4 14. Qxd4 Kb8 15. g3 Bg4 16. Rd2 Bf3 17. Rg1 Rg4 18. Qc3 Qe5 19. Qc2 h5 20. h3 Rg6 21. Bd3 Rgg8 22. Bf5 d5 23. c5 d4 24. e4 d3 25. Rxd3 Rxd3 26. Qxd3 Qxc5+ 27. Qc2 Qd4 28. Kb1 h4 29. g4 Rd8 30. Rc1 c6 31. a3 Bg2 32. f4 Qd3 33. e5 Qxc2+ 34. Rxc2 Rd1+ 35. Ka2 Bd5+ 36. b3 fxe5 37. fxe5 Re1 38. e6 fxe6 39. Bh7 Re3 40. Rh2 Rxb3 41. Ka1 Rxa3+ 42. Kb2 Rg3 43. Bc2 Rg2 44. Rxg2 Bxg2 45. g5 e5 46. g6 Bd5 47. g7 Bg8 48. Bb3 Bh7 49. Bc2 Bg8 50. Bb3 Bh7 51. Bc2 e4 52. Bxe4 Bg8 53. Bc2 Kc7 54. Bb3 Bh7 55. Bc2 Bg8 56. Bb3 Bh7 57. Bc2 Bg8 1/2-1/2


[Site "https://www.chess.com"]

[Event "Titled Tuesday Blitz November 08 Late 2022"]
[White "Leiva, Gianmarco"]
[Black "Roux, Baptiste"]
[WhiteFideId "3804399"]
[BlackFideId "36017450"]
[WhiteElo "2286"]
[BlackElo "2077"]
[Result "1-0"]
[Round "01"]
[TimeControl "180+1"]
[Date "2022.11.09"]
[WhiteClock "0:01:13"]
[BlackClock "0:00:15"]

1. e3 e6 2. b3 b6 3. Bb2 Bb7 4. Nf3 Nf6 5. d4 c5 6. Bd3 d5 7. O-O Nc6 8. a3 cxd4 9. exd4 Be7 10. Nbd2 O-O 11. Ne5 Nxe5 12. dxe5 Nd7 13. Nf3 Nc5 14. Be2 Rc8 15. Nd4 Ne4 16. Bd3 Bc5 17. Qe2 Qh4 18. f3 Nd2 19. Qf2 Qf4 20. Rfe1 Rfd8 21. Rad1 Ne4 22. fxe4 Qxf2+ 23. Kxf2 dxe4 24. Bxe4 Bxd4+ 25. Rxd4 Rxd4 26. Bxd4 Bxe4 27. Rxe4 Rxc2+ 28. Re2 1-0


[Site "https://www.chess.com"]

[Event "Titled Tuesday Blitz November 08 Late 2022"]
[White "Levine, David"]
[Black "Martic, Ivan"]
[WhiteFideId "2011611"]
[BlackFideId "929301"]
[WhiteElo "2169"]
[BlackElo "2355"]
[Result "0-1"]
[Round "01"]
[TimeControl "180+1"]
[Date "2022.11.09"]
[WhiteClock "0:00:01"]
[BlackClock "0:00:41"]

1. d4 Nf6 2. c4 g6 3. g3 Bg7 4. Bg2 d5 5. cxd5 Nxd5 6. Nf3 O-O 7. O-O Nb6 8. e3 Nc6 9. Nc3 Re8 10. b3 a5 11. Bb2 Bf5 12. e4 Bg4 13. d5 Ne5 14. Rc1 a4 15. Re1 axb3 16. axb3 e6 17. dxe6 Nd3 18. exf7+ Kxf7 19. Ng5+ Qxg5 20. Qxd3 Kg8 21. h3 Be6 22. e5 Red8 23. Qb5 Rd2 24. Rb1 Qf5 25. Ne4 Rd5 26. Qe2 Ra2 27. Nc3 Rxb2 28. Rxb2 Rxe5 29. Qf1 c6 30. Rbe2 Rxe2 31. Qxe2 Bf7 32. Ne4 Bxb3 33. Nd6 Qf8 34. Qd3 Bd5 35. Re8 Qxe8 36. Nxe8 Be5 37. Bxd5+ Nxd5 38. Qf3 b5 39. h4 b4 40. h5 gxh5 41. Qxh5 Bc3 42. Qg5+ Kf7 43. Nd6+ Ke6 44. Nc4 b3 45. Qg4+ Ke7 0-1


[Site "https://www.chess.com"]

[Event "Titled Tuesday Blitz November 08 Late 2022"]
[White "Lopez Martinez, Josep Manuel"]
[Black "czernikowskqa"]
[WhiteFideId "2212943"]
[WhiteElo "2471"]
[BlackElo "1961"]
[Result "1-0"]
[Round "01"]
[TimeControl "180+1"]
[Date "2022.11.09"]
[WhiteClock "0:01:01"]
[BlackClock "0:00:13"]

1. e4 c5 2. Nf3 Nc6 3. Bb5 Qc7 4. O-O e6 5. Re1 Nf6 6. c3 d5 7. e5 Nd7 8. d4 Be7 9. a3 a5 10. Be3 Qb6 11. a4 Na7 12. dxc5 Bxc5 13. Bxc5 Qxc5 14. Na3 Nxb5 15. Nxb5 O-O 16. Qd4 b6 17. b4 Qxd4 18. Nfxd4 Ba6 19. Nd6 Rfd8 20. b5 Bc8 21. Nc6 Rf8 22. Ne7+ Kh8 23. Nexc8 Rfxc8 24. Nxc8 Rxc8 25. c4 Rxc4 26. Rac1 Nxe5 27. f4 Rxc1 28. Rxc1 Nc4 29. Kf2 Kg8 30. Ke2 Kf8 31. Kd3 Ke7 32. Kd4 Kd6 33. g4 f6 34. Kc3 h6 35. h4 Kc5 36. Re1 Kd6 37. g5 hxg5 38. fxg5 fxg5 39. hxg5 e5 40. Rf1 Ke7 41. g6 Nd6 42. Kd3 Ke6 43. Rf8 e4+ 44. Kc3 Ke5 45. Rf7 d4+ 46. Kc2 Nf5 47. Rb7 e3 48. Kd3 Ne7 49. Rxb6 Nd5 50. Rb8 Nf4+ 51. Kc2 d3+ 52. Kc3 Ke4 53. Re8+ Kf3 54. b6 Nd5+ 55. Kxd3 Nxb6 56. Rxe3+ Kf4 57. Re4+ Kf5 58. Rd4 Kxg6 59. Rd6+ 1-0


[Site "https://www.chess.com"]

[Event "Titled Tuesday Blitz November 08 Late 2022"]
[White "Luxama, Jacques Muller"]
[Black "Mendonca, Mateus Nakajo"]
[WhiteFideId "11900113"]
[BlackFideId "2110954"]
[WhiteElo "1931"]
[BlackElo "2310"]
[Result "0-1"]
[Round "01"]
[TimeControl "180+1"]
[Date "2022.11.09"]
[WhiteClock "0:00:17"]
[BlackClock "0:00:12"]

1. e4 e5 2. Nf3 Nf6 3. Nxe5 d6 4. Nf3 Nxe4 5. d4 d5 6. c4 Bb4+ 7. Nbd2 O-O 8. Be2 dxc4 9. Bxc4 Nxd2 10. Bxd2 Re8+ 11. Be2 Qe7 12. O-O Qxe2 13. Bxb4 Qxd1 14. Raxd1 Bg4 15. Rde1 Nc6 16. Bc3 Bxf3 17. gxf3 Red8 18. Re4 f6 19. Rfe1 Kf7 20. b4 a6 21. a4 Rd5 22. Rb1 Rad8 23. Rbe1 R8d7 24. Rd1 f5 25. Rh4 h6 26. Kg2 R7d6 27. b5 axb5 28. axb5 Rxb5 29. d5 Rbxd5 30. Rxd5 Rxd5 31. Ra4 b5 32. Ra6 Rc5 33. Bd2 b4 34. Be3 Rc4 35. Ra4 Ke8 36. f4 Kd7 37. Kf3 Rc3 38. Ke2 Rb3 39. Kd2 Rb2+ 40. Kd3 Nd8 41. Ra5 b3 42. Rd5+ Kc8 43. Rxf5 Rb1 44. Kc3 Ne6 45. Re5 Kd7 46. f5 Nd8 47. Rd5+ Ke7 48. Bd4 b2 49. Kc2 Rh1 50. Kxb2 Rxh2 51. Kc3 Nc6 52. Bxg7 Rxf2 53. Bxh6 Kf6 54. Rc5 Ne5 55. Bg7+ Kxg7 56. Rxe5 Kf6 57. Rc5 Rf1 58. Rxc7 Rc1+ 59. Kd4 Rxc7 60. Ke4 Re7+ 61. Kf4 Re5 62. Kg4 Rxf5 63. Kg3 Kg5 64. Kh3 Rf3+ 65. Kg2 Kg4 66. Kh2 Rf2+ 67. Kg1 Kg3 68. Kh1 Rf1# 0-1


[Site "https://www.chess.com"]

[Event "Titled Tuesday Blitz November 08 Late 2022"]
[White "Makaraci, Tunahan"]
[Black "Milikow, Yoav"]
[WhiteFideId "6356559"]
[BlackFideId "2822237"]
[WhiteElo "2161"]
[BlackElo "2341"]
[Result "0-1"]
[Round "01"]
[TimeControl "180+1"]
[Date "2022.11.09"]
[WhiteClock "0:00:45"]
[BlackClock "0:00:05"]

1. e4 e5 2. Nf3 Nc6 3. Bc4 Nf6 4. d4 exd4 5. e5 d5 6. Bb5 Ne4 7. Nxd4 Bc5 8. Be3 O-O 9. Nxc6 bxc6 10. Bxc5 Nxc5 11. Bxc6 Rb8 12. Qxd5 Qe7 13. O-O Rxb2 14. Nc3 Rxc2 15. Rac1 Rxc1 16. Rxc1 Rd8 17. Qc4 Qxe5 18. Nd5 Ne6 19. Ne7+ Kh8 20. Nxc8 Rxc8 21. Bd7 Rd8 22. Bxe6 fxe6 23. g3 h6 24. Kg2 Rd2 25. Qxc7 Qd5+ 26. Kg1 Rxa2 27. Re1 Kh7 28. Qf7 Ra6 29. h4 Qf5 30. Qd7 Ra2 31. Qd4 a5 32. Kg2 a4 33. Rf1 a3 34. Qc4 Rb2 35. Qc3 Qd5+ 36. Kh2 Rb3 37. Qc2+ Qd3 38. Qxd3+ Rxd3 39. Ra1 Kg6 40. Kg2 Kf5 41. Ra2 Ke4 42. Re2+ Kd5 43. Rc2 e5 44. Kf1 Rb3 45. Rd2+ Kc4 46. Rd8 a2 47. Rc8+ Kd5 48. Rd8+ Ke6 0-1


[Site "https://www.chess.com"]

[Event "Titled Tuesday Blitz November 08 Late 2022"]
[White "Maksimovic, Bojan"]
[Black "Arencibia Monduy, Antonio"]
[WhiteFideId "14408120"]
[BlackFideId "3507939"]
[WhiteElo "2447"]
[BlackElo "2476"]
[Result "1-0"]
[Round "01"]
[TimeControl "180+1"]
[Date "2022.11.09"]
[WhiteClock "0:01:56"]
[BlackClock "0:01:00"]

1. e4 e6 2. d4 d5 3. Nc3 dxe4 4. Nxe4 Nd7 5. Nf3 Ngf6 6. Nxf6+ Nxf6 7. c3 Be7 8. Bd3 O-O 9. O-O b6 10. a4 a5 11. Ne5 Bb7 12. Qe2 c5 13. dxc5 Bxc5 14. Rd1 Qc8 15. Bf4 Rd8 16. Bg3 Be7 17. Bb5 Qc5 18. Nd3 Qc8 19. Re1 Bd6 20. Rad1 Bxg3 21. hxg3 Qc7 22. Qe5 Qxe5 23. Nxe5 Kf8 24. Nc4 Nd5 25. Rd4 Rac8 26. Rh4 h6 27. Ne5 Nf6 28. Rc4 Rd2 29. Rxc8+ Bxc8 30. Nc4 Nd5 31. Nxd2 1-0


[Site "https://www.chess.com"]

[Event "Titled Tuesday Blitz November 08 Late 2022"]
[White "Maltsevskaya, Aleksandra"]
[Black "Onslow, Alfie"]
[WhiteFideId "24174041"]
[BlackFideId "436976"]
[WhiteElo "2282"]
[BlackElo "2015"]
[Result "1-0"]
[Round "01"]
[TimeControl "180+1"]
[Date "2022.11.09"]
[WhiteClock "0:00:40"]
[BlackClock "0:00:10"]

1. Nf3 c5 2. c4 Nc6 3. Nc3 e5 4. g3 Nf6 5. Bg2 Be7 6. O-O O-O 7. d3 d6 8. a3 a5 9. Rb1 h6 10. Ne1 Be6 11. Nc2 Qd7 12. b4 axb4 13. axb4 b6 14. bxc5 bxc5 15. Rb6 Rfc8 16. Ne3 Bh3 17. Ned5 Bxg2 18. Kxg2 Nxd5 19. Nxd5 Bd8 20. Rb2 Rcb8 21. Rxb8 Rxb8 22. Qa4 Qb7 23. e4 Ra8 24. Qd1 Ra2 25. Qg4 Kf8 26. Qf5 Kg8 27. h4 Nd4 28. Qg4 Kh8 29. Kh3 Ra7 30. f4 Qd7 31. fxe5 dxe5 32. Be3 Qxg4+ 33. Kxg4 f6 34. Bxd4 exd4 35. Rb1 Bc7 36. h5 Be5 37. Rb5 Ra3 38. Kf5 Rxd3 39. Rxc5 Rxg3 40. Rc8+ Kh7 41. c5 d3 42. Ne7 Rg5+ 43. Ke6 Rxh5 44. c6 Bd6 45. Rd8 Bxe7 46. Kxe7 Rc5 47. Kd6 Rc3 48. Kc7 h5 49. Kb7 h4 50. c7 Rb3+ 51. Ka6 Ra3+ 52. Kb5 Rb3+ 53. Kc4 Rb1 54. c8=Q Rc1+ 55. Kxd3 Rxc8 56. Rxc8 Kg6 57. Ke3 Kg5 58. Kf3 h3 59. Rc5+ Kh4 60. Rc8 Kg5 61. Rh8 g6 62. Rxh3 f5 63. e5 f4 64. e6 Kf6 65. Kxf4 Kxe6 66. Kg5 Kf7 67. Rh6 Kg8 68. Rxg6+ Kh8 69. Kf6 Kh7 70. Kf7 Kh8 71. Rh6# 1-0


[Site "https://www.chess.com"]

[Event "Titled Tuesday Blitz November 08 Late 2022"]
[White "Mardov, Dimitar"]
[Black "Alexikov, Alexander"]
[WhiteFideId "30919495"]
[BlackFideId "14103958"]
[WhiteElo "2332"]
[BlackElo "2222"]
[Result "1-0"]
[Round "01"]
[TimeControl "180+1"]
[Date "2022.11.09"]
[WhiteClock "0:00:03"]
[BlackClock "0:00:03"]

1. e4 c5 2. Nf3 d6 3. d4 cxd4 4. Nxd4 Nf6 5. Nc3 a6 6. h3 e5 7. Nb3 Be6 8. f4 Qc7 9. f5 Bc4 10. g4 h6 11. Bd3 Nbd7 12. Qf3 b5 13. h4 b4 14. Ne2 d5 15. Ng3 Nc5 16. Bxc4 dxc4 17. Nxc5 Bxc5 18. g5 Nd7 19. Bd2 hxg5 20. hxg5 Rxh1+ 21. Qxh1 O-O-O 22. Qf1 Bd4 23. c3 bxc3 24. bxc3 Bb6 25. Rb1 Nc5 26. f6 Nd3+ 27. Ke2 g6 28. Qh3+ Kb7 29. Qf1 Nf4+ 30. Ke1 Ka7 31. a4 Rd3 32. Ne2 Nxe2 33. Qxe2 Qd7 34. a5 Bxa5 35. Be3+ Ka8 36. Kf2 Qh3 37. Rg1 Bxc3 38. Rg3 Qh2+ 39. Rg2 Qh4+ 40. Kf1 Qxe4 41. Bc5 Qf5+ 42. Rf2 Qh3+ 43. Rg2 Rf3+ 44. Kg1 Qf5 45. Qxc4 1-0


[Site "https://www.chess.com"]

[Event "Titled Tuesday Blitz November 08 Late 2022"]
[White "Martinez Reyes, Pedro Ramon"]
[Black "Jorquera, Marcelo"]
[WhiteFideId "3901807"]
[BlackFideId "3401197"]
[WhiteElo "2354"]
[BlackElo "2136"]
[Result "1-0"]
[Round "01"]
[TimeControl "180+1"]
[Date "2022.11.09"]
[WhiteClock "0:01:06"]
[BlackClock "0:00:01"]

1. Nf3 Nf6 2. g3 g6 3. Bg2 Bg7 4. O-O O-O 5. d4 d6 6. a4 Nc6 7. Nc3 e5 8. dxe5 Nxe5 9. Nxe5 dxe5 10. a5 Rb8 11. Qxd8 Rxd8 12. Bg5 Re8 13. Nb5 Re7 14. Nxa7 Bd7 15. c4 c6 16. a6 bxa6 17. Rxa6 Rxb2 18. Nxc6 Re6 19. Ra8+ Ne8 20. Bd5 Rxc6 21. Bxc6 Bxc6 22. Rc8 Bd7 23. Rd8 Bc6 24. Bc1 1-0


[Site "https://www.chess.com"]

[Event "Titled Tuesday Blitz November 08 Late 2022"]
[White "Maze, Sebastien"]
[Black "Liu, Kelsey"]
[WhiteFideId "613762"]
[BlackFideId "30944481"]
[WhiteElo "2430"]
[BlackElo "2310"]
[Result "1-0"]
[Round "01"]
[TimeControl "180+1"]
[Date "2022.11.09"]
[WhiteClock "0:00:11"]
[BlackClock "0:00:03"]

1. e4 c5 2. Nf3 e6 3. d4 cxd4 4. Nxd4 Nc6 5. Nc3 Nf6 6. g3 Bc5 7. Nxc6 bxc6 8. e5 Nd5 9. Ne4 O-O 10. c4 Ne7 11. Bg2 Ba6 12. b3 Bb4+ 13. Bd2 Qa5 14. Bxb4 Qxb4+ 15. Qd2 Qxd2+ 16. Kxd2 f6 17. exf6 gxf6 18. Nd6 Nc8 19. Nb5 Rb8 20. Nd4 c5 21. Ne2 Bb7 22. Bxb7 Rxb7 23. Nf4 Kf7 24. Rhe1 Ne7 25. Kc3 Ng6 26. Nd3 Rc8 27. f4 d5 28. Re2 dxc4 29. bxc4 Rb6 30. Rae1 Ne7 31. g4 Rd6 32. h4 h5 33. g5 Nf5 34. gxf6 Kxf6 35. Ne5 Rg8 36. Kb2 Nxh4 37. Rh1 Nf5 38. Rxh5 Rdd8 39. Rh7 Rg7 40. Rxg7 Nxg7 41. Rg2 1-0


[Site "https://www.chess.com"]

[Event "Titled Tuesday Blitz November 08 Late 2022"]
[White "Melaugh, Shane"]
[Black "Boruchovsky, Avital"]
[WhiteFideId "2509580"]
[BlackFideId "2800055"]
[WhiteElo "2025"]
[BlackElo "2458"]
[Result "0-1"]
[Round "01"]
[TimeControl "180+1"]
[Date "2022.11.09"]
[WhiteClock "0:00:10"]
[BlackClock "0:00:26"]

1. c4 b6 2. d4 Bb7 3. Nc3 e6 4. e4 Bb4 5. Bd3 f5 6. Qh5+ g6 7. Qe2 Nc6 8. d5 Nd4 9. Qe3 Bc5 10. Qf4 d6 11. dxe6 Nxe6 12. Qg3 fxe4 13. Bxe4 Bxe4 14. Nxe4 Nf6 15. Nxf6+ Qxf6 16. Nf3 O-O 17. O-O Nf4 18. Bxf4 Qxf4 19. Qxf4 Rxf4 20. b3 Re8 21. Rfe1 Rfe4 22. Rxe4 Rxe4 23. Re1 Rf4 24. Re7 d5 25. Rxc7 dxc4 26. bxc4 Rxc4 27. Kf1 Rc2 28. Rc8+ Kg7 29. Rc7+ Kh6 30. Rxa7 Rxf2+ 31. Ke1 Rxg2 32. a4 Rf2 33. Ne5 Rf5 34. Ng4+ Kg5 35. h3 h5 36. Nh2 Rf2 37. Nf1 Ra2 38. Nd2 Bb4 39. Ke2 Rxd2+ 40. Kf3 Ra2 41. Ra6 Bc5 42. Ra8 Kh4 43. Kf4 g5+ 44. Kf5 Rf2+ 45. Kg6 Bd4 46. a5 bxa5 47. Rxa5 Rf6+ 48. Kh7 Rd6 49. Rb5 Be3 50. Rb3 Bf4 51. Kg7 Re6 52. Kf7 Re3 53. Rb4 Kxh3 54. Kg6 h4 55. Kf5 Re5+ 56. Kg6 Rc5 57. Kh5 g4+ 58. Kg6 Bg3 59. Rb3 Kh2 60. Kf6 h3 61. Rb2+ Kg1 62. Rb1+ Kg2 63. Rb2+ Bf2 64. Kg6 h2 65. Rb1 h1=Q 66. Rxh1 Kxh1 0-1


[Site "https://www.chess.com"]

[Event "Titled Tuesday Blitz November 08 Late 2022"]
[White "Melikyan, Gnel"]
[Black "Therrien, Alex L"]
[WhiteFideId "54109990"]
[BlackFideId "412856"]
[WhiteElo "2138"]
[BlackElo "2214"]
[Result "0-1"]
[Round "01"]
[TimeControl "180+1"]
[Date "2022.11.09"]
[WhiteClock "0:00:55"]
[BlackClock "0:00:43"]

1. e4 c6 2. d4 d5 3. Nc3 g6 4. h4 h5 5. e5 Bg7 6. f4 Bg4 7. Be2 Nh6 8. Be3 e6 9. Qd2 Nd7 10. O-O-O b5 11. Nf3 Nb6 12. b3 a5 13. a3 b4 14. Nb1 bxa3 15. Nxa3 a4 16. Kb2 axb3 17. cxb3 O-O 18. Ra1 Qb8 19. Rhc1 Rc8 20. Kc2 Bf8 21. b4 Ra4 22. Rcb1 Qa7 23. Qc3 Bf5+ 24. Bd3 Ra8 25. Bc1 Nc4 26. Nxc4 Bxd3+ 27. Qxd3 dxc4 0-1


[Site "https://www.chess.com"]

[Event "Titled Tuesday Blitz November 08 Late 2022"]
[White "Melkumyan, Hrant"]
[Black "Kleiman, Jake"]
[WhiteFideId "13302485"]
[BlackFideId "2020041"]
[WhiteElo "2604"]
[BlackElo "2511"]
[Result "1-0"]
[Round "01"]
[TimeControl "180+1"]
[Date "2022.11.08"]
[WhiteClock "0:00:10"]
[BlackClock "0:00:08"]

1. e4 e5 2. Nf3 Nc6 3. Nc3 Nf6 4. d4 exd4 5. Nxd4 Bb4 6. Nxc6 bxc6 7. Bd3 d5 8. exd5 O-O 9. O-O cxd5 10. h3 h6 11. Qf3 c6 12. Bf4 Bd6 13. Rad1 Rb8 14. b3 Rb4 15. Ne2 Re8 16. c4 a5 17. Nd4 Rb6 18. Bxd6 Qxd6 19. Rfe1 Rxe1+ 20. Rxe1 Rb8 21. cxd5 cxd5 22. Bf5 Bb7 23. Qc3 Qb4 24. Qxb4 axb4 25. Re7 Kf8 26. Rc7 Ne8 27. Rd7 Nf6 28. Rd6 Ba8 29. Ra6 Ke7 30. Bd3 Ne8 31. Nf5+ Kf8 32. Ra7 Bc6 33. Nd4 Rc8 34. Ba6 Rc7 35. Rxc7 Nxc7 36. Bd3 Bd7 37. Nc2 Bb5 38. Nxb4 Bxd3 39. Nxd3 Ke7 40. f4 Kd6 41. Kf2 d4 42. Kf3 f5 43. g4 g6 44. Ne5 fxg4+ 45. hxg4 g5 46. Nf7+ Kd5 47. Nxh6 gxf4 48. Kxf4 Ne6+ 49. Kf3 Ng5+ 50. Kf4 Ne6+ 51. Kf3 Ng5+ 52. Kf2 Ke4 53. Nf5 d3 54. Ke1 Nf3+ 55. Kd1 Ne5 56. Ng3+ Kf3 57. Nf1 Nxg4 58. Kd2 Ne5 59. a4 Ke4 60. Ng3+ Kd4 61. Nf5+ Kc5 62. Kc3 Kd5 63. Ne3+ Ke4 64. Nc4 Nc6 65. a5 Nd4 66. a6 Nb5+ 67. Kb4 Na7 68. Kc5 Kf3 69. b4 Ke2 70. b5 Nc8 71. b6 1-0


[Site "https://www.chess.com"]

[Event "Titled Tuesday Blitz November 08 Late 2022"]
[White "Moskvin, Anatoly"]
[Black "Goltsev, Dmitry"]
[WhiteFideId "24199990"]
[BlackFideId "24176710"]
[WhiteElo "2079"]
[BlackElo "2289"]
[Result "1-0"]
[Round "01"]
[TimeControl "180+1"]
[Date "2022.11.09"]
[WhiteClock "0:00:45"]
[BlackClock "0:00:36"]

1. e4 e6 2. Nf3 d5 3. e5 Ne7 4. h4 c5 5. b4 cxb4 6. a3 Nf5 7. g4 Nh6 8. Ng5 Nc6 9. d4 bxa3 10. c3 a6 11. Nxa3 Bd7 12. Bd3 Be7 13. Nxh7 b5 14. Nc2 Na5 15. Bxh6 gxh6 16. Nf6+ Bxf6 17. exf6 Rc8 18. Ra3 Nc4 19. Bxc4 Rxc4 20. Qf3 a5 21. Ne3 Rc8 22. g5 hxg5 23. hxg5 Rxh1+ 24. Qxh1 Bc6 25. Qh7 Qd6 26. Rxa5 Ra8 27. Rxa8+ Bxa8 28. g6 fxg6 29. f7+ Ke7 30. Qg7 Kd7 31. f8=Q+ Kc6 32. Qxd6+ Kxd6 33. Qe5+ Kd7 34. Ng4 Bc6 35. Qg7+ Kd6 36. Ne5 g5 37. Qf8+ Kc7 38. Qe7+ Kb6 39. Qd6 g4 40. Qxc6+ Ka5 41. Qc5 g3 42. Nc6+ Ka6 43. Qa7# 1-0


[Site "https://www.chess.com"]

[Event "Titled Tuesday Blitz November 08 Late 2022"]
[White "Mr_Penings"]
[Black "Fernandez Siles, Luis"]
[BlackFideId "2209420"]
[WhiteElo "2690"]
[BlackElo "2186"]
[Result "1-0"]
[Round "01"]
[TimeControl "180+1"]
[Date "2022.11.09"]
[WhiteClock "0:00:09"]
[BlackClock "0:00:02"]

1. c4 Nf6 2. Nc3 g6 3. e4 d6 4. g3 Bg7 5. Bg2 O-O 6. Nge2 c5 7. O-O Nc6 8. d3 Bg4 9. f3 Bd7 10. Be3 Ne8 11. h3 Nc7 12. f4 Ne6 13. g4 Ned4 14. Ng3 e6 15. g5 a6 16. a4 Nb4 17. Rf2 Bc6 18. h4 d5 19. cxd5 exd5 20. e5 Ne6 21. Bc1 d4 22. Nce4 Nd5 23. h5 Ne3 24. Qf3 Nf5 25. Qg4 Ne3 26. Qh4 h6 27. hxg6 fxg6 28. Bxe3 dxe3 29. Rff1 hxg5 30. fxg5 Rf2 31. Nxf2 exf2+ 32. Rxf2 Bxg2 33. Kxg2 Qd5+ 34. Qe4 Rd8 35. Raf1 Nxg5 36. Qxd5+ Rxd5 37. Rd1 Bxe5 38. Ne2 Ne6 39. Nc3 Bxc3 40. bxc3 g5 41. Kf3 Nf4 42. Ke4 Rd8 43. d4 Re8+ 44. Kf3 c4 45. d5 Nd3 46. Rg2 Rf8+ 47. Ke3 Rf5 48. d6 Rd5 49. d7 Rxd7 50. Rxg5+ Kf8 51. Rf1+ Ke7 52. Rg7+ Kd6 53. Rf6+ Kc7 54. Rg4 Nb2 55. Rf2 1-0


[Site "https://www.chess.com"]

[Event "Titled Tuesday Blitz November 08 Late 2022"]
[White "Musovic, Armin"]
[Black "Amburgy, Ryan"]
[WhiteFideId "939935"]
[BlackFideId "30924820"]
[WhiteElo "2288"]
[BlackElo "2121"]
[Result "1-0"]
[Round "01"]
[TimeControl "180+1"]
[Date "2022.11.09"]
[WhiteClock "0:00:47"]
[BlackClock "0:00:03"]

1. a3 d5 2. Nc3 Nf6 3. d3 g6 4. Bg5 Bg7 5. e4 dxe4 6. dxe4 O-O 7. Qxd8 Rxd8 8. f3 Nc6 9. Bd3 Ne5 10. O-O-O c6 11. Nge2 h6 12. Bh4 Be6 13. Bf2 Nfd7 14. h3 Nxd3+ 15. Rxd3 Bc4 16. Rd2 Nb6 17. Rhd1 Rxd2 18. Rxd2 Bxe2 19. Nxe2 Nc4 20. Rd7 Bxb2+ 21. Kb1 Bxa3 22. Rxb7 a5 23. Ka2 Bd6 24. Nd4 Rc8 25. Nb3 a4 26. Nc1 Be5 27. Nd3 Bc3 28. Bc5 e6 29. Ra7 Rd8 30. Rxa4 Ne5 31. Kb3 Nxd3 32. cxd3 Be5 33. d4 Bd6 34. Kc4 e5 35. Bxd6 Rxd6 36. d5 cxd5+ 37. exd5 Kf8 38. Kc5 Rd8 39. d6 Ke8 40. Ra7 Rd7 41. Ra5 Rd8 42. Kd5 Rb8 43. Kxe5 Rb2 44. Ra8+ Kd7 45. Ra7+ Kd8 46. Rxf7 Rxg2 47. Rf8+ Kd7 48. Rf7+ Kd8 49. Rf6 h5 50. Ke6 Re2+ 51. Kf7 g5 52. Kg6 Rh2 53. Kxh5 Rxh3+ 54. Kxg5 Kd7 55. f4 Rg3+ 56. Kf5 Rg1 57. Rg6 Rf1 58. Rh6 Rf2 59. Ke5 Re2+ 60. Kd5 Rd2+ 61. Ke4 Re2+ 62. Kf3 Re1 63. f5 Rf1+ 64. Kg4 Rg1+ 65. Kf4 Rf1+ 66. Ke5 Re1+ 67. Kf6 Rf1 68. Rh2 Rf3 69. Kg6 Rg3+ 70. Kf7 Rf3 71. f6 Rf1 72. Rd2 Rg1 73. Kf8 Rg6 74. f7 Rg1 75. Re2 Rg6 76. Rf2 Rg1 77. Re2 Rg6 78. Re7+ Kd8 79. Ra7 Rg1 80. Rb7 Rg2 81. Re7 Rg1 82. Re6 Rg2 83. Rh6 Kd7 84. Rh8 Ke6 85. Ke8 Ra2 86. Rh6+ Kd5 87. d7 Ra8+ 88. d8=Q+ Rxd8+ 89. Kxd8 Ke5 90. f8=Q 1-0


[Site "https://www.chess.com"]